 Dungeon Crawl Stone Soup version 0.30-a0-782-ge64f9170bb (webtiles) character file.

Game seed: 6898060559582265636

1567600 Wobber the Alchemist (level 25, 181/181 HPs)
             Began as an Octopode Transmuter on Feb 18, 2023.
             Was an Initiate of Gozag.
             Escaped with the Orb
             ... and 3 runes!
             The game lasted 03:57:59 (71622 turns).

Wobber the Alchemist (Octopode Transmuter)         Turns: 71622, Time: 03:58:00

Health: 181/181    AC: 22    Str: 33    XL:     25   Next: 33%
Magic:  34/41      EV: 38    Int: 23    God:    Gozag
Gold:   5830       SH:  0    Dex: 24    Spells: 17/52 levels left

rFire   + + .      SeeInvis .      - Unarmed
rCold   + . .      Faith    .    (shield currently unavailable)
rNeg    + + .      Spirit   .    (helmet currently unavailable)
rPois   ∞          Reflect  .    C - amulet of magic regeneration
rElec   +          Harm     .    c - ring "Dezin" {rPois rF+ Int+6 Dex-5 Slay+5}
rCorr   +          Rampage  .    K - ring of Temptation {Str+6 Dex+5}
Will    +....                    T - ring of protection from fire
Stlth   ++                       l - ring of Ascent {rN+ Will+ Str+6 Int-3 Dex+3 Stlth+}
HPRegen 0.50/turn                O - +4 ring of slaying
MPRegen 0.67/turn                w - ring of Hihar {rPois rCorr Str+3 Dex+4}
                                 M - +4 ring of protection
                                 Z - ring "Qigecw" {+Blink rC+ rN+ Will- Str+6}

@: storm-form, flying
A: cleaving, insubstantial, flying, almost no armour, amphibious, 8 rings,
(camouflage 1), (gelatinous body 1), (nimble swimmer 1), (tentacles), inability
to read after injury 2
0: Orb of Zot
}: 3/15 runes: decaying, silver, gossamer
a: Blinkbolt, End Transformation, Renounce Religion, Evoke Blink, Potion
Petition, Call Merchant, Bribe Branch


You escaped.
You worshipped Gozag.
Gozag was greatly pleased with you.
You were a lightning-filled tempest!
You visited 9 branches of the dungeon, and saw 45 of its levels.
You visited the Abyss 1 time.

You collected 21043 gold pieces.
You spent 6415 gold pieces at shops.
You paid 8798 gold pieces to Gozag.

Inventory:

Hand Weapons
 s - a +3 shortbow of freezing
Armour
 B - a +3 buckler of protection (melded)
 F - the +3 hat of Pondering {ponderous, Will+ MP+10 Int+5}
   (You took it off Gastronok on level 12 of the Dungeon)

   Int:       It affects your intelligence (+5).
   MP:        It affects your magic capacity (+10).
   Will:      It increases your willpower.
 V - the +5 kite shield of Classification {Str+4 SInv Stlth+}
   (You acquired it on level 3 of the Vaults)

   Str:       It affects your strength (+4).
   SInv:      It lets you see invisible.
   Stlth:     It makes you more stealthy.
Magical Staves
 a - a staff of air (melded)
Jewellery
 b - a ring of the Octopus King {rC+ HP+2 AC+2 EV+2 SH+2}
   (You bought it in a shop on level 2 of the Orcish Mines)

   [ring of protection from cold]

   AC:        It affects your AC (+2).
   EV:        It affects your evasion (+2).
   rC:        It protects you from cold.
   HP:        It affects your health (+2).
   SH:        It affects your SH (+2).
 c - the ring "Dezin" (left tentacle) {rPois rF+ Int+6 Dex-5 Slay+5}
   (You acquired it on level 1 of the Dungeon)

   [ring of intelligence]

   Int:       It affects your intelligence (+6).
   Dex:       It affects your dexterity (-5).
   Slay:      It affects your accuracy & damage with ranged weapons and melee
   (+5).
   rF:        It protects you from fire.
   rPois:     It protects you from poison.
 d - an amulet of the acrobat
 i - a ring of wizardry
 l - the ring of Ascent (on tentacle) {rN+ Will+ Str+6 Int-3 Dex+3 Stlth+}
   (You bought it in a shop on level 4 of the Depths)

   [ring of strength]

   Str:       It affects your strength (+6).
   Int:       It affects your intelligence (-3).
   Dex:       It affects your dexterity (+3).
   rN:        It protects you from negative energy.
   Will:      It increases your willpower.
   Stlth:     It makes you more stealthy.
 r - the amulet of the Air {Inacc Air Fly rElec RMsl}
   (You took it off a vault warden on level 5 of the Vaults)

   [amulet of nothing]

   Inacc:     It reduces the accuracy of your attacks and spells.
   Air:       It enhances your air magic.
   rElec:     It insulates you from electricity.
   Fly:       It grants you flight.
   RMsl:      It protects you from missiles.
 t - a ring of magical power
 u - a ring of flight
 w - the ring of Hihar (on tentacle) {rPois rCorr Str+3 Dex+4}
   (You took it off a yaktaur captain on level 5 of the Vaults)

   [ring of resist corrosion]

   Str:       It affects your strength (+3).
   Dex:       It affects your dexterity (+4).
   rPois:     It protects you from poison.
   rCorr:     It protects you from acid and corrosion.
 C - an amulet of magic regeneration (around neck)
 J - a +5 ring of evasion
 K - the ring of Temptation (right tentacle) {Str+6 Dex+5}
   (You bought it in a shop on level 5 of the Dungeon)

   [ring of strength]

   Str:       It affects your strength (+6).
   Dex:       It affects your dexterity (+5).
 M - a +4 ring of protection (on tentacle)
 O - a +4 ring of slaying (on tentacle)
 T - a ring of protection from fire (on tentacle)
 U - a ring of see invisible
 Y - a ring of protection from fire
 Z - the ring "Qigecw" (on tentacle) {+Blink rC+ rN+ Will- Str+6}
   (You acquired it on level 13 of the Dungeon)

   [ring of protection from cold]

   Str:       It affects your strength (+6).
   rC:        It protects you from cold.
   rN:        It protects you from negative energy.
   +Blink:    It lets you blink.
   Will:      It decreases your willpower.
Wands
 p - a wand of iceblast (7)
 x - a wand of flame (81)
 y - a wand of mindburst (40)
 L - a wand of paralysis (26)
 Q - a wand of polymorph (16)
Scrolls
 e - 4 scrolls of silence
 h - 6 scrolls of amnesia
 n - 14 scrolls of teleportation
 q - 3 scrolls of poison
 v - 6 scrolls of magic mapping
 D - 8 scrolls of fear
 E - 2 scrolls of brand weapon
 G - 7 scrolls of enchant weapon
 N - 4 scrolls of butterflies
 W - 7 scrolls of blinking
 X - 8 scrolls of fog
Potions
 f - 9 potions of might
 g - 6 potions of flight
 j - 14 potions of brilliance
 k - 4 potions of invisibility
 m - 4 potions of resistance
 o - 8 potions of haste
 z - 4 potions of cancellation
 A - 5 potions of heal wounds
 H - 10 potions of curing
 I - 2 potions of berserk rage
 P - 11 potions of mutation
 R - a potion of magic
 S - 4 potions of ambrosia


   Skills:
 + Level 17.5 Fighting
 + Level 17.6 Dodging
 + Level 11.8 Stealth
 - Level 7.3 Shields
 + Level 17.8 Unarmed Combat
 + Level 14.3 Spellcasting
 + Level 14.2 Translocations
 + Level 19.4 Transmutations
 - Level 6.3 Ice Magic
 + Level 17.9 Air Magic


You had 17 spell levels left.
You knew the following spells:

 Your Spells              Type           Power      Damage    Failure   Level
a - Dispersal             Tloc           35%        N/A       1%          6
b - Wereblood             Tmut           82%        N/A       0%          2
c - Ice Form              Ice/Tmut       66%        N/A       1%          4
d - Frozen Ramparts       Ice            90%        1d14      1%          3
e - Dragon Form           Tmut           41%        N/A       1%          7
g - Blink                 Tloc           100%       N/A       0%          2
h - Manifold Assault      Tloc           70%        N/A       1%          4
i - Storm Form            Tmut/Air       40%        N/A       1%          7

Your spell library contained the following spells:

 Spells                   Type           Power      Damage    Failure   Level
 Apportation              Tloc           100%       N/A       0%          1
 Beastly Appendage        Tmut           100%       N/A       0%          1
 Lesser Beckoning         Tloc           100%       N/A       0%          2
 Vhi's Electric Charge    Tloc/Air       100%       N/A       0%          3
 Freeze                   Ice            100%       1d10      1%          1
 Cigotuvi's Dreadful Rot  Necr/Pois/Air  86%        N/A       1%          2
 Poisonous Vapours        Pois/Air       100%       N/A       1%          2
 Static Discharge         Conj/Air       100%       2-7/arc   1%          2
 Gell's Gravitas          Tloc           70%        N/A       1%          3
 Ignite Poison            Fire/Tmut/Pois 46%        N/A       1%          3
 Kindle Blastsparks       Fire/Tloc/Air  100%       2d18      1%          3
 Mephitic Cloud           Conj/Pois/Air  43%        N/A       1%          3
 Portal Projectile        Hex/Tloc       98%        N/A       1%          3
 Spider Form              Tmut/Pois      57%        N/A       1%          3
 Teleport Other           Tloc           70%        N/A       1%          3
 Airstrike                Air            39%        2d(6-22)  1%          4
 Iskenderun's Mystic Bla  Conj/Tloc      49%        2d11      1%          4
 Petrify                  Tmut/Erth      57%        N/A       1%          4
 Summon Lightning Spire   Summ/Air       55%        N/A       1%          4
 Alistair's Intoxication  Tmut/Pois      38%        N/A       1%          5
 Irradiate                Conj/Tmut      28%        3d21      1%          5
 Arcjolt                  Conj/Air       27%        1d37      2%          5
 Lightning Bolt           Conj/Air       27%        1d44      2%          5
 Silence                  Hex/Air        27%        N/A       2%          5
 Necrotise                Necr           64%        1d7       3%          1
 Hailstorm                Conj/Ice       31%        3d8       3%          3
 Freezing Cloud           Conj/Ice/Air   26%        6-21      3%          5
 Scorch                   Fire           32%        2d6       5%          2
 Sublimation of Blood     Necr           16%        N/A       5%          2
 Summon Forest            Summ/Tloc      24%        N/A       5%          5
 Call Canine Familiar     Summ           16%        N/A       11%         3
 Dazzling Flash           Conj/Hex       32%        N/A       11%         3
 Inner Flame              Hex/Fire       16%        N/A       11%         3
 Stone Arrow              Conj/Erth      32%        3d9       11%         3
 Vampiric Draining        Necr           16%        2d7       11%         3
 Eringya's Noxious Bog    Tmut/Pois      28%        N/A       11%         6
 Statue Form              Tmut/Erth      38%        N/A       11%         6
 Conjure Ball Lightning   Conj/Air       27%        3x3d8     14%         6
 Maxwell's Capacitive Co  Air            39%        ∞         16%         8
 Metabolic Englaciation   Hex/Ice        15%        N/A       26%         5
 Anguish                  Hex/Necr       8%         N/A       36%         4
 Cause Fear               Hex            8%         N/A       36%         4
 Dispel Undead            Necr           16%        3d10      36%         4
 Flame Wave               Conj/Fire      16%        2d7       36%         4
 Leda's Liquefaction      Hex/Erth       8%         N/A       36%         4
 Olgreb's Toxic Radiance  Pois           16%        N/A       36%         4
 Sticky Flame             Conj/Fire      16%        2d4       36%         4
 Disjunction              Tloc           35%        N/A       56%         8
 Agony                    Necr           16%        N/A       71%         5
 Borgnjor's Vile Clutch   Necr/Erth      8%         N/A       71%         5
 Fireball                 Conj/Fire      8%         3d6       71%         5
 Iskenderun's Battlesphe  Conj           16%        2d7       71%         5
 Lee's Rapid Deconstruct  Erth           8%         3d7*      71%         5
 Summon Mana Viper        Hex/Summ       16%        N/A       71%         5
 Malign Gateway           Summ/Tloc      24%        N/A       86%         7
 Death Channel            Necr           8%         N/A       99%         6
 Starburst                Conj/Fire      8%         6d4       99%         6
 Summon Cactus Giant      Summ           8%         N/A       99%         6
 Enfeeble                 Hex            8%         N/A       100%        7
 Haunt                    Necr/Summ      8%         N/A       100%        7
 Summon Hydra             Summ           8%         N/A       100%        7
 Discord                  Hex            8%         N/A       100%        8
 Ignition                 Fire           8%         3d5       100%        8
 Infestation              Necr           8%         N/A       100%        8
 Lehudib's Crystal Spear  Conj/Erth      8%         10d3      100%        8
 Summon Horrible Things   Summ           8%         N/A       100%        8
 Death's Door             Necr           8%         N/A       100%        9
 Dragon's Call            Summ           8%         N/A       100%        9
 Polar Vortex             Ice            22%        N/A       100%        9
 Animate Armour           Summ/Erth      Unusable   N/A       N/A         4
 Animate Dead             Necr           Unusable   N/A       N/A         4
 Simulacrum               Ice/Necr       Unusable   N/A       N/A         6

Dungeon Overview and Level Annotations

Branches:
Dungeon (15/15)            Temple (1/1) D:7            Lair (5/5) D:9
  Swamp (4/4) Lair:3       Spider (4/4) Lair:3        Slime (0/5) Lair:4
    Orc (2/2) D:10            Elf (0/3) Orc:2        Vaults (5/5) D:14
  Crypt (0/3) Vaults:3     Depths (4/4) D:15            Zot (5/5) Depths:4

Altars:
Ashenzari
Cheibriados
Dithmenos
Elyvilon
Fedhas
Gozag
Hepliaklqana
Kikubaaqudgha
Makhleb
Nemelex Xobeh
Okawaru
Qazlal
Ru
Sif Muna
Trog
Uskayaw
Vehumet
Wu Jian
Xom
Yredelemnul
Zin
The Shining One
Jiyva
Lugonu

Shops:
D:3 !   D:5 =   D:9 :[((   D:12 !   Orc:2 ==(?   Vaults:4 *   Vaults:5 ?[
Depths:3 *   Depths:4 *!:=?

Portals:
Hell: Lair:5 Depths:1 Depths:2 Depths:3 Depths:4
Abyss: Depths:2 Depths:3
Pandemonium: Depths:1 Depths:2 Depths:3
Ziggurat: Depths:1

Annotations:
D:7 1 runed translucent door, cforsyth's ghost, novice TeCj
D:10 1 runed translucent door, Strat's ghost, journeyman GnRe
Lair:3 3 runed translucent doors, ryw's ghost, journeyman DsMo
Orc:1 3 runed translucent doors, asti's ghost, journeyman MiFi
Depths:1 2 runed translucent doors, Polaczum's ghost, adept TrMo


Innate Abilities, Weirdness & Mutations

You are a lightning-filled tempest!
Your electrical attacks strike out in all directions at once.
You are incredibly evasive.
Your insubstantial body is immune to petrification, constriction, and being set on fire You are flying.
You are immune to poison.
Your armour is entirely melded.
You are incapable of wielding weapons or throwing items.
You cannot wear most types of armour.
You are amphibious.
You can wear up to eight rings at the same time.
((Your skin changes colour to match your surroundings (Stealth+).))
((Your rubbery body absorbs attacks. (AC +1, EV +1)))
((You are camouflaged when in or above water. (Stealth+)))
((You have tentacles for arms and can constrict up to eight enemies at once.))
You sometimes lose the ability to read scrolls when taking damage.


Message History

There is a stone staircase leading up here.
You fly upwards.
There is a stone staircase leading down here.
Your transformation is almost over.
A balrug and 2 sun demons come into view.
The balrug is wielding a +1 demon whip of venom.
Casting: Storm Form (mildly dangerous; 1% risk of failure)
Confirm with . or Enter, or press ? or * to list all spells.
You extend your transformation's duration.
Space momentarily warps into an impossible shape!
You blast the sun demon!!!!
You kill the sun demon!
You closely miss the sun demon.
You hear a shout!
Space momentarily warps into an impossible shape!
You blast the balrug!!!
You blast the balrug!!!
You kill the balrug!
You hear a shout!
A sun demon comes into view.
Space momentarily warps into an impossible shape!
You blast the sun demon!!!!
You kill the sun demon!
You blast the sun demon!!!
Space momentarily warps into an impossible shape!
You hit the sun demon. The sun demon hits you.
You are engulfed in flames.
You resist. The sun demon closely misses you.
Things that are here:
20 gold pieces; a +1 demon whip of venom You blast the sun demon!!!
You kill the sun demon!
You now have 5820 gold pieces (gained 8).
You now have 5830 gold pieces (gained 10).
There is a fountain of clear blue water here.
Press: ? - help, v - describe, . - travel A staircase leading out of the dungeon.
This square is covered in magical glow.
There is a staircase leading out of the dungeon here.
You have escaped!

########.# #$#
.........#############.#
##.....................#
#.#####.############.###
#.# #................#
#.# ##..##♣♣♣.♣♣♣##..#
#.# #..# ♣⌠♣ #..# #.#
#..♣♣♣♣♣.♣♣♣♣♣..# #.#
#.....⌠.v.⌠.....# #.#
#..♣♣♣♣♣.♣♣♣♣♣..# #.#
#..# ♣⌠♣ #..#
##+######..##♣♣♣.♣♣♣##..#
......(##...............#
..........#.##.####.#####
.^......###.........#
.............########
...........[##


There were no monsters in sight!

Vanquished Creatures
  2 dread liches (Vaults:5)
  An ancient lich (Vaults:5)
  A juggernaut (Depths:4)
  Sojobo (Depths:2)
  Parghit (Depths:3)
  6 Killer Klowns (Zot:5)
  Saint Roka (Vaults:1)
  Margery (Vaults:5)
  5 curse toes
  13 golden dragons
  2 profane servitors (Abyss:3)
  Nikola (Spider:1)
  the Enchantress (Depths:3)
  2 Tzitzimimeh (Depths:2)
  3 doom hounds (Depths:2)
  An electric golem (Zot:1)
  Jorgrun (D:12)
  14 tentacled monstrosities
  An Ice Fiend (D:15)
  4 liches
  14 Orb Guardians
  4 titans (Vaults:5)
  A walking earthen tome (Depths:2)
  8 death cobs
  Grunn (Depths:2)
  2 walking frostbound tomes (Depths:2)
  2 Executioners
  7 quicksilver dragons
  Gastronok (D:12)
  A tentacled starspawn (Abyss:3)
  15 storm dragons
  A sphinx (shapeshifter) (Vaults:5)
  11 tengu reavers
  2 sphinxes
  5 shadow dragons
  4 draconian knights
  2 fenstrider witches
  5 draconian monks
  5 fire giants
  A deep elf sorcerer (Vaults:5)
  3 iron dragons
  7 emperor scorpions
  18 vault wardens
  3 frost giants (Depths:4)
  2 draconian scorchers
  5 balrugs
  7 ghost moths
  4 draconian stormcallers
  3 orc warlords
  2 draconian shifters
  11 ironbound preservers
  19 stone giants
  2 cacodemons (Abyss:3)
  4 spriggan defenders
  10 very ugly things
  5 ironbound thunderhulks
  2 draconian annihilators
  3 war gargoyles
  2 broodmothers (Spider:4)
  3 deep elf demonologists (Vaults:5)
  7 vampire knights
  8 green draconians
  8 black draconians
  4 eleionomae
  Nessos (D:13)
  5 white draconians
  2 putrid mouths (Depths:2)
  2 spark wasps
  A deep elf annihilator (Vaults:5)
  5 purple draconians
  4 dire elephants
  2 bunyips (Swamp:4)
  4 red draconians
  4 yellow draconians
  A crystal guardian (Vaults:2)
  12 ettins
  Josephine (D:12)
  2 deep elf death magi (Vaults:5)
  12 fire dragons
  3 entropy weavers
  19 yaktaur captains
  2 deep elf high priests
  4 great orbs of eyes
  15 hydras
  2 peacekeepers
  Erolcha (Orc:2)
  A rakshasa (D:15)
  2 hell beasts
  43 vault guards
  8 ice dragons
  3 ogre magi
  7 ironbound frosthearts
  8 spriggan air magi
  2 radroaches
  6 boulder beetles
  2 death knights
  15 centaur warriors
  5 deep troll shamans
  3 alligators
  5 two-headed ogres
  A jorogumo (Spider:4)
  8 tengu warriors
  3 death yaks
  A vampire mage (Depths:1)
  5 deep troll earth magi
  2 large abominations (Abyss:3)
  3 thrashing horrors (Abyss:3)
  5 spriggan berserkers
  12 hell knights
  A deep elf knight (D:14)
  17 sun demons
  A wretched star (Abyss:3)
  2 iron trolls
  2 soul eaters
  Nergalle (Orc:2)
  2 sixfirhies (Abyss:3)
  A fire crab (Swamp:4)
  5 pharaoh ants
  3 goliath frogs
  29 deep trolls
  8 skeletal warriors (Vaults:3)
  3 spriggan druids
  A shadow demon (Zot:1)
  5 flayed ghosts
  7 orb spiders
  2 bog bodies
  20 ironbound convokers
  A deep elf archer (D:14)
  8 glowing orange brains
  6 swamp dragons
  4 harpies
  12 orc knights
  12 phantasmal warriors
  2 sun moths
  13 lindwurms
  5 wizards
  3 steelbarb worms
  2 deep elf pyromancers
  2 tengu skeletons (Vaults:3)
  11 necromancers
  A fire giant zombie (Vaults:2)
  30 wolf spiders
  An oklob plant (D:15)
  A shining eye (Depths:1)
  15 ugly things
  8 cyclopes
  A salamander (shapeshifter) (D:14)
  5 will-o-the-wisps
  10 orc sorcerers
  3 manticores
  12 elephants
  A shadow dragon skeleton (Depths:2)
  A stone giant skeleton (Vaults:3)
  A black mamba (shapeshifter) (Vaults:5)
  2 elf skeletons (Vaults:3)
  A fire giant skeleton (Depths:2)
  14 moths of wrath
  6 black mambas
  23 vault sentinels
  A smoke demon (Lair:5)
  A frost giant skeleton (Depths:2)
  3 gargoyles
  2 torpor snails
  2 orange demons
  32 yaktaurs
  8 demonic crawlers
  A cane toad (shapeshifter) (Depths:3)
  13 cane toads
  8 rime drakes
  3 kobold demonologists
  A freezing wraith (Vaults:4)
  2 tormentors
  An unseen horror (D:12)
  6 efreet
  2 tengu conjurers (Depths:2)
  6 komodo dragons
  A yaktaur skeleton (Vaults:3)
  4 trolls
  2 ice devils (Lair:5)
  2 red devils (Lair:5)
  A queen bee (shapeshifter) (D:15)
  A polar bear (Lair:4)
  10 meliai
  A queen bee (D:12)
  3 bloated husks
  13 tyrant leeches
  10 hornets
  2 hellwings (Abyss:3)
  Prince Ribbit (D:8)
  24 tarantellas
  Grinder (D:6)
  An ettin zombie (Vaults:2)
  2 dream sheep (Lair:5)
  16 culicivoras
  6 blink frogs (Lair:5)
  25 slime creatures
  16 jumping spiders
  2 ettin skeletons (Vaults:3)
  A jumping spider (shapeshifter) (Depths:3)
  53 yaks
  4 wraiths (D:12)
  2 vampires (Depths:3)
  A water elemental (Depths:4)
  2 shadows (D:12)
  4 basilisks
  4 wyverns
  2 fire elementals (Swamp:4)
  14 spriggans
  2 hogs (shapeshifter)
  A chaos spawn (Abyss:3)
  2 steam dragons
  47 redbacks
  An elf simulacrum (Vaults:2)
  23 vampire mosquitoes
  A swamp worm (shapeshifter) (Vaults:4)
  A harpy simulacrum (Abyss:3)
  3 wargs
  13 swamp worms
  A glowing shapeshifter zombie (Depths:2)
  4 hell hounds (Lair:5)
  A water moccasin (shapeshifter) (Depths:2)
  An acid dragon (D:12)
  16 water moccasins
  A glowing shapeshifter skeleton (Vaults:3)
  2 floating eyes (Depths:1)
  A sky beast (D:7)
  9 swamp drakes
  2 ice beasts
  19 orc warriors
  2 black bears (Lair:3)
  9 ogres
  8 centaurs
  11 wolves (Lair:5)
  3 boggarts (D:14)
  6 kobold brigands
  A phantom (D:4)
  15 bullfrogs
  3 necrophages
  A small abomination (Abyss:3)
  A glowing shapeshifter simulacrum (Vaults:2)
  A gnoll sergeant (D:11)
  3 human skeletons
  A scorpion (D:5)
  41 killer bees
  A howler monkey (D:7)
  11 electric eels
  7 crimson imps (D:7)
  2 hounds (D:5)
  10 orc priests
  3 jellies (D:6)
  5 starcursed masses (Abyss:3)
  6 iguanas
  Terence (D:2)
  34 orc wizards
  Ijyb (D:5)
  7 hell rats (Lair:4)
  11 gnolls
  3 adders
  3 white imps (D:7)
  2 ufetubi
  A worm (D:2)
  4 dart slugs
  74 orcs
  10 ball pythons
  10 bats
  5 endoplasms
  4 giant cockroaches
  8 goblins
  12 hobgoblins
  25 kobolds
  3 quokkas
  3 frilled lizards
  5 rats
  A starspawn tentacle (Abyss:3)
1729 creatures vanquished.

Vanquished Creatures (collateral kills)
  A dread lich (Zot:5)
  2 Killer Klowns (Zot:5)
  An electric golem (Zot:5)
  5 Orb Guardians (Zot:5)
  A purple draconian (Zot:5)
  A sun demon (Zot:5)
  A moth of wrath (Zot:5)
12 creatures vanquished.

Vanquished Creatures (others)
  3 orbs of fire (Zot:5)
  An ancient lich (Zot:5)
  A curse toe (Zot:5)
  An electric golem (Zot:5)
  9 Orb Guardians (Zot:5)
  A black draconian (Zot:5)
  A moth of wrath (Zot:5)
  2 bloated husks (Swamp:2)
  A hornet (Depths:2)
  A spriggan (Depths:2)
  A steam dragon (Swamp:4)
  3 swamp drakes (Swamp:4)
  10 foxfires
  15 fungi
  28 plants
  3 starspawn tentacles (Abyss:3)
81 creatures vanquished.

Grand Total: 1822 creatures vanquished

Notes
Turn   | Place    | Note
-------+----------+-------------------------------------------
     0 | D:1      | Wobber the Octopode Transmuter began the quest for the Orb.
     0 | D:1      | Reached XP level 1. HP: 13/13 MP: 3/3
   150 | D:1      | Reached XP level 2. HP: 18/18 MP: 3/5
   153 | D:1      | Learned a level 2 spell: Wereblood
   202 | D:1      | Reached skill level 1 in Ice Magic
   547 | D:1      | Reached XP level 3. HP: 20/23 MP: 4/6
   938 | D:1      | Identified a scroll of acquirement
   938 | D:1      | Acquired the ring "Dezin" {rPois rF+ Int+6 Dex-5 Slay+5}
  1038 | D:2      | Found an ornate altar of the Wu Jian Council.
  1254 | D:2      | Noticed Terence
  1281 | D:2      | Killed Terence
  1282 | D:2      | Reached skill level 3 in Transmutations
  1282 | D:2      | Reached XP level 4. HP: 16/28 MP: 4/7
  1425 | D:2      | Found a faded altar of an unknown god.
  1923 | D:3      | Reached XP level 5. HP: 19/33 MP: 4/8
  2014 | D:3      | Found Ulueschoe's Distillery.
  2057 | D:3      | Bought a potion of curing for 33 gold pieces
  2057 | D:3      | Bought a potion of degeneration for 11 gold pieces
  2718 | D:4      | Noticed a phantom
  2728 | D:4      | Killed a phantom
  2729 | D:4      | Reached skill level 4 in Transmutations
  2729 | D:4      | Reached XP level 6. HP: 31/38 MP: 8/10
  3286 | D:4      | Found a shimmering altar of Xom.
  3447 | D:5      | Entered Level 5 of the Dungeon
  3624 | D:5      | Reached XP level 7. HP: 43/43 MP: 10/12
  3629 | D:5      | Learned a level 4 spell: Ice Form
  3763 | D:5      | Reached skill level 5 in Transmutations
  3818 | D:5      | Found a glowing silver altar of Zin.
  3841 | D:5      | Noticed Ijyb
  3856 | D:5      | Killed Ijyb
  4346 | D:5      | Reached XP level 8. HP: 15/50 MP: 13/13
  4540 | D:5      | Found Kureocw's Jewellery Boutique.
  4719 | D:6      | Noticed Grinder
  4725 | D:6      | Paralysed by Grinder for 2 turns
  4751 | D:6      | Killed Grinder
  4752 | D:6      | Reached skill level 5 in Ice Magic
  5020 | D:6      | Reached skill level 6 in Transmutations
  5353 | D:6      | Found a hazy altar of Hepliaklqana.
  5503 | D:7      | Found a white marble altar of Elyvilon.
  5529 | D:7      | Reached XP level 9. HP: 55/55 MP: 9/15
  5903 | D:7      | Found a staircase to the Ecumenical Temple.
  5909 | Temple   | Entered the Ecumenical Temple
  5915 | Temple   | Became a worshipper of Gozag Ym Sagoz the Greedy
  5951 | D:7      | Found a runed translucent door.
  5954 | D:7      | Noticed cforsyth's ghost (novice TeCj)
  6257 | D:7      | Reached skill level 1 in Stealth
  6397 | D:7      | Learned a level 3 spell: Frozen Ramparts
  6450 | D:7      | Reached skill level 7 in Transmutations
  6741 | D:8      | Reached skill level 5 in Spellcasting
  6757 | D:8      | Reached skill level 5 in Unarmed Combat
  7328 | D:8      | Noticed Prince Ribbit
  7339 | D:8      | Killed Prince Ribbit
  7340 | D:8      | Reached XP level 10. HP: 58/65 MP: 9/17
  7516 | D:8      | Found a shimmering blue altar of Sif Muna.
  7701 | D:9      | Found Lumov's Antique Armour Emporium.
  7713 | D:9      | Found an iron altar of Okawaru.
  7715 | D:9      | Found a staircase to the Lair.
  7806 | D:9      | Found Kirim's Antique Weapon Shoppe.
  7838 | D:9      | Reached skill level 5 in Dodging
  7933 | D:9      | Found Paokleb's Weapon Boutique.
  8063 | D:9      | Noticed a kobold demonologist
  8064 | D:9      | Noticed a kobold demonologist
  8075 | D:9      | Killed a kobold demonologist
  8078 | D:9      | Killed a kobold demonologist
  8079 | D:9      | Reached skill level 5 in Stealth
  8140 | D:9      | Noticed a two-headed ogre
  8148 | D:9      | Killed a two-headed ogre
  8149 | D:9      | Reached skill level 5 in Fighting
  8149 | D:9      | Reached skill level 8 in Transmutations
  8234 | D:9      | Found Ucluagol's Book Shoppe.
  8298 | D:9      | Found a burning altar of Makhleb.
  8514 | D:10     | Entered Level 10 of the Dungeon
  9149 | D:10     | Found a runed translucent door.
  9172 | D:10     | Noticed Strat's ghost (journeyman GnRe)
  9206 | D:10     | Reached XP level 11. HP: 70/72 MP: 12/20
  9500 | D:10     | Found a staircase to the Orcish Mines.
  9938 | D:9      | Bought a book of the Dragon for 552 gold pieces
  9946 | D:9      | Learned a level 7 spell: Dragon Form
  9950 | D:9      | Learned a level 3 spell: Teleport Other
 10047 | D:5      | Bought the ring of Temptation {Str+6 Dex+5} for 535 gold
                  | pieces
 10561 | D:11     | Noticed a boulder beetle
 10575 | D:11     | HP: 2/86 [boulder beetle (16)]
 10579 | D:11     | Killed a boulder beetle
 10580 | D:11     | Reached skill level 1 in Translocations
 10869 | D:11     | You fall into a shaft and drop 1 floor!
 11138 | D:11     | Learned a level 2 spell: Blink
 11461 | D:12     | Noticed a white ugly thing
 11489 | D:12     | Killed a white ugly thing
 11490 | D:12     | Reached skill level 9 in Transmutations
 11662 | D:12     | Noticed a death knight
 11685 | D:12     | Killed a death knight
 11894 | D:12     | Got the Atlas of Anthracomancy and Relocation
 11903 | D:12     | Noticed an eight-headed hydra
 11904 | D:12     | Noticed an ettin
 11905 | D:12     | Noticed an ettin
 11907 | D:12     | Noticed a manticore
 12190 | D:5      | Bought a +6 ring of dexterity for 360 gold pieces
 12308 | Lair:1   | Entered Level 1 of the Lair of Beasts
 12502 | Lair:1   | Reached XP level 12. HP: 80/80 MP: 14/22
 14191 | Lair:2   | Reached skill level 10 in Transmutations
 14271 | Lair:2   | Reached skill level 5 in Translocations
 14622 | Lair:2   | Identified the +0 ring mail of Pelu {rN+ Will+ Slay-3 SInv}
 15024 | Lair:2   | Noticed a four-headed hydra
 15036 | Lair:2   | Killed a four-headed hydra
 15302 | Lair:3   | Learned a level 4 spell: Manifold Assault
 15347 | Lair:3   | Found a runed translucent gate.
 15348 | Lair:3   | Found a runed translucent gate.
 15348 | Lair:3   | Found a runed translucent gate.
 15473 | Lair:3   | Noticed a minotaur
 15476 | Lair:3   | Noticed ryw's ghost (journeyman DsMo)
 15821 | Lair:3   | Found a staircase to the Swamp.
 16901 | Lair:3   | Reached XP level 13. HP: 88/88 MP: 20/24
 16998 | Lair:3   | Reached skill level 11 in Transmutations
 17869 | Lair:3   | Found a hole to the Spider Nest.
 18419 | D:5      | Bought a ring of willpower for 250 gold pieces
 18419 | D:5      | Bought a +6 ring of strength for 360 gold pieces
 19343 | Lair:4   | Found a viscous altar of Jiyva.
 19343 | Lair:4   | Found a staircase to the Slime Pits.
 19376 | Lair:4   | Got the Exposition on Misery
 19746 | Lair:5   | Entered Level 5 of the Lair of Beasts
 19949 | Lair:5   | Reached skill level 12 in Transmutations
 20442 | Lair:5   | Reached XP level 14. HP: 95/95 MP: 5/27
 20740 | Lair:5   | Reached skill level 13 in Transmutations
 21128 | Lair:5   | Found a burning altar of Makhleb.
 22160 | Lair:5   | Found a gateway to Hell.
 22377 | Orc:1    | Entered Level 1 of the Orcish Mines
 22729 | Orc:1    | Found a runed translucent gate.
 22729 | Orc:1    | Found a runed translucent gate.
 22905 | Orc:1    | Noticed asti's ghost (journeyman MiFi)
 22906 | Orc:1    | Found a runed translucent gate.
 23897 | Orc:2    | Entered Level 2 of the Orcish Mines
 23897 | Orc:2    | Found a staircase to the Elven Halls.
 24285 | Orc:2    | Found an ancient bone altar of Kikubaaqudgha.
 24285 | Orc:2    | Noticed Nergalle
 24305 | Orc:2    | Killed Nergalle
 24306 | Orc:2    | Reached skill level 14 in Transmutations
 24553 | Orc:2    | Noticed Erolcha
 24561 | Orc:2    | Killed Erolcha
 24562 | Orc:2    | Reached skill level 10 in Spellcasting
 24574 | Orc:2    | Found a radiant altar of Vehumet.
 24896 | Orc:2    | Found Zide Dic's Jewellery Boutique.
 25087 | Orc:2    | Found Furpheat's Jewellery Boutique.
 25093 | Orc:2    | Bought a ring of protection from fire for 325 gold pieces
 25093 | Orc:2    | Bought a ring of see invisible for 195 gold pieces
 25143 | Orc:2    | Found Gececab's Antique Weapon Shop.
 25146 | Orc:2    | Bought a ring of the Octopus King {rC+ HP+2 AC+2 EV+2 SH+2}
                  | for 798 gold pieces
 25146 | Orc:2    | Found the ring of the Octopus King {rC+ HP+2 AC+2 EV+2
                  | SH+2}
 25195 | Orc:2    | Found Venwan's Magic Scroll Shop.
 25202 | Orc:2    | Bought a scroll of amnesia for 44 gold pieces
 25202 | Orc:2    | Bought a scroll of teleportation for 33 gold pieces
 25202 | Orc:2    | Bought a scroll of teleportation for 33 gold pieces
 26227 | D:12     | Noticed Josephine
 26486 | D:12     | Noticed Jorgrun
 26497 | D:12     | Killed Jorgrun
 26568 | D:12     | Reached XP level 15. HP: 99/99 MP: 29/29
 26627 | D:12     | Found Faodab's Distillery.
 26710 | D:12     | Bought a potion of curing for 54 gold pieces
 26710 | D:12     | Bought a potion of curing for 54 gold pieces
 26710 | D:12     | Bought a potion of heal wounds for 90 gold pieces
 26734 | D:12     | Noticed Gastronok
 26741 | D:12     | Killed Gastronok
 26819 | D:12     | Got the Vellum of Degeneration and Inhalation
 26856 | D:12     | Reached skill level 15 in Transmutations
 26864 | D:12     | Killed Josephine
 27151 | D:12     | Identified the +12 mace of Quantum Leap {heavy, Dex+5}
 27153 | D:12     | Found an iron altar of Okawaru.
 27579 | D:13     | Reached skill level 1 in Air Magic
 27860 | D:13     | Noticed Nessos
 27871 | D:13     | Killed Nessos
 28924 | D:13     | Acquired the ring "Qigecw" {+Blink rC+ rN+ Will- Str+6}
 29999 | D:14     | Reached skill level 10 in Translocations
 30130 | D:14     | Found a gate to the Vaults.
 30401 | D:15     | Entered Level 15 of the Dungeon
 30615 | D:15     | Found a staircase to the Depths.
 31126 | D:14     | Reached skill level 5 in Air Magic
 31658 | D:15     | Reached XP level 16. HP: 108/108 MP: 30/30
 32413 | D:15     | Found a blossoming altar of Fedhas.
 32929 | Swamp:1  | Entered Level 1 of the Swamp
 33009 | Swamp:1  | Noticed a fenstrider witch
 33012 | Swamp:1  | Killed a fenstrider witch
 33473 | Swamp:1  | Learned a level 7 spell: Storm Form
 33579 | Swamp:1  | Reached skill level 10 in Unarmed Combat
 35097 | Swamp:3  | Reached skill level 10 in Dodging
 35682 | Swamp:4  | Entered Level 4 of the Swamp
 35682 | Swamp:4  | Noticed a fenstrider witch
 35687 | Swamp:3  | Killed a fenstrider witch
 35789 | Swamp:4  | Reached skill level 10 in Fighting
 37037 | Swamp:4  | Reached skill level 1 in Shields
 37759 | Swamp:4  | Reached XP level 17. HP: 116/116 MP: 21/31
 37786 | Swamp:4  | Got a decaying rune of Zot
 38414 | Spider:1 | Entered Level 1 of the Spider Nest
 39743 | Spider:1 | Noticed Nikola
 39749 | Spider:1 | Killed Nikola
 43485 | Spider:3 | Learned a level 6 spell: Dispersal
 43996 | Spider:4 | Entered Level 4 of the Spider Nest
 44038 | Spider:3 | Reached skill level 10 in Air Magic
 45080 | Spider:4 | Reached XP level 18. HP: 124/124 MP: 4/33
 45679 | Spider:4 | Got a gossamer rune of Zot
 46494 | Vaults:1 | Entered Level 1 of the Vaults
 47606 | Vaults:1 | Identified the +1 leather armour of Foolhardiness {Int+2}
 48486 | Vaults:1 | You fall into a shaft and drop 1 floor!
 49001 | Vaults:1 | Noticed Saint Roka
 49013 | Vaults:1 | Killed Saint Roka
 49662 | Vaults:2 | Reached XP level 19. HP: 131/131 MP: 8/34
 51695 | Vaults:3 | Acquired the +5 kite shield of Classification {Str+4 SInv
                  | Stlth+}
 51868 | Vaults:3 | Reached skill level 5 in Shields
 52862 | Vaults:3 | Found a staircase to the Crypt.
 53952 | Vaults:4 | Paralysed by a great orb of eyes for 2 turns
 54047 | Vaults:4 | Reached skill level 16 in Transmutations
 54071 | Vaults:4 | Reached XP level 20. HP: 141/141 MP: 17/35
 54714 | Vaults:4 | Found Xifoydgh's Assorted Antiques.
 54722 | Vaults:4 | Bought a scroll of teleportation for 138 gold pieces
 54722 | Vaults:4 | Bought a scroll of enchant armour for 345 gold pieces
 54854 | Vaults:4 | Paralysed by a great orb of eyes for 4 turns
 54859 | Vaults:4 | Paralysed by a great orb of eyes for 5 turns
 54867 | Vaults:4 | Paralysed by a great orb of eyes for 5 turns
 55766 | Vaults:5 | Entered Level 5 of the Vaults
 56262 | Abyss:3  | Cast into level 3 of the Abyss (a deep elf demonologist)
 56263 | Abyss:3  | Found a corrupted altar of Lugonu.
 56450 | Abyss:3  | Noticed a profane servitor
 56459 | Abyss:3  | Killed a profane servitor
 56462 | Abyss:3  | Gained mutation: You occasionally lose the ability to read
                  | scrolls when taking damage. [a cacodemon]
 56533 | Abyss:3  | Found a transporter.
 56537 | Abyss:3  | Found a transporter.
 56537 | Abyss:3  | Found a corrupted altar of Lugonu.
 56549 | Abyss:3  | Noticed a profane servitor
 56554 | Abyss:3  | Killed a profane servitor
 56557 | Vaults:5 | Escaped the Abyss
 56919 | Vaults:5 | Noticed a dread lich
 57049 | Vaults:5 | Killed a dread lich
 57050 | Vaults:5 | Reached XP level 21. HP: 111/149 MP: 27/36
 57117 | Vaults:5 | Identified the ring of Hihar {rPois rCorr Str+3 Dex+4}
 57563 | Vaults:5 | Found Ichubij's Antique Armour Boutique.
 57583 | Vaults:5 | Reached skill level 17 in Transmutations
 57597 | Vaults:5 | Noticed Margery
 57605 | Vaults:5 | Killed Margery
 57610 | Vaults:5 | Reached skill level 15 in Unarmed Combat
 57783 | Vaults:5 | Noticed a dread lich
 57785 | Vaults:5 | Paralysed by a dread lich for 4 turns
 57792 | Vaults:5 | Killed a dread lich
 58205 | Vaults:5 | Reached skill level 15 in Dodging
 58442 | Vaults:5 | Noticed an ancient lich
 58452 | Vaults:5 | Killed an ancient lich
 58453 | Vaults:5 | Reached skill level 15 in Fighting
 59040 | Vaults:5 | Identified the +4 glaive of Causality {freeze, Fly}
 59223 | Vaults:5 | Identified the +1 dagger of the Doomed Warrior {venom,
                  | Dex+5 Stlth+}
 59385 | Vaults:5 | Got a silver rune of Zot
 59744 | Vaults:5 | Found Pyph's Magic Scroll Emporium.
 59749 | Vaults:5 | Bought a scroll of fog for 52 gold pieces
 59749 | Vaults:5 | Bought a scroll of blinking for 97 gold pieces
 59749 | Vaults:5 | Bought a scroll of silence for 123 gold pieces
 60004 | Depths:1 | Entered Level 1 of the Depths
 60247 | Depths:1 | Paralysed by something for 3 turns
 60573 | Depths:1 | Found a one-way gate leading to the halls of Pandemonium.
 60677 | Depths:1 | Found a large runed translucent door.
 60677 | Depths:1 | Found a large runed translucent door.
 60771 | Depths:1 | Found a one-way gateway to a ziggurat.
 60881 | Depths:1 | Noticed Polaczum's ghost (adept TrMo)
 60969 | Depths:1 | Found a stormy altar of Qazlal.
 61163 | Depths:2 | Reached XP level 22. HP: 158/158 MP: 22/37
 61292 | Depths:2 | Noticed Sojobo
 61313 | Depths:2 | Killed Sojobo
 61442 | Depths:2 | Found a one-way gate to the infinite horrors of the Abyss.
 61565 | Depths:2 | Noticed Grunn
 61680 | Depths:2 | Identified the +5 glaive "Ojink" {spect, Str+4 Dex+2}
 61701 | Depths:2 | Killed Grunn
 62701 | Depths:2 | Reached skill level 18 in Transmutations
 62892 | Depths:2 | Got the Precepts of the Ten Emperors
 63121 | Depths:3 | Reached skill level 15 in Air Magic
 63171 | Depths:3 | Noticed the Enchantress
 63198 | Depths:3 | Killed the Enchantress
 63258 | Depths:3 | Found a corrupted altar of Lugonu.
 63353 | Depths:3 | Found Yrid's Blood Bar.
 63446 | Depths:3 | Noticed a golden dragon
 63452 | Depths:3 | Killed a golden dragon
 63471 | Depths:3 | Noticed a golden dragon
 63475 | Depths:3 | Reached XP level 23. HP: 138/165 MP: 39/39
 63480 | Depths:3 | Killed a golden dragon
 63747 | Depths:3 | Got Sif Muna's Anthology of Virulence and Modification
 63831 | Depths:3 | Noticed Parghit
 63836 | Depths:3 | Killed Parghit
 64025 | Depths:4 | Entered Level 4 of the Depths
 64047 | Depths:4 | Noticed a golden dragon
 64137 | Depths:4 | Killed a golden dragon
 64145 | Depths:4 | Noticed a golden dragon
 64152 | Depths:4 | Killed a golden dragon
 64237 | Depths:4 | Found Dilogiax's Distillery.
 64340 | Depths:4 | Found Batwatuh's Jewellery Shop.
 64402 | Depths:4 | Bought 2 potions of mutation for 304 gold pieces
 64402 | Depths:4 | Bought a potion of curing for 57 gold pieces
 64402 | Depths:4 | Bought a potion of curing for 57 gold pieces
 64402 | Depths:4 | Bought a potion of might for 76 gold pieces
 64402 | Depths:4 | Bought a potion of curing for 57 gold pieces
 64458 | Depths:4 | Bought the ring of Ascent {rN+ Will+ Str+6 Int-3 Dex+3
                  | Stlth+} for 1112 gold pieces
 64466 | Depths:4 | Found Pehusmarch's Magic Scroll Emporium.
 64479 | Depths:4 | Bought a scroll of magic mapping for 90 gold pieces
 64479 | Depths:4 | Bought a scroll of magic mapping for 90 gold pieces
 64479 | Depths:4 | Bought a scroll of blinking for 90 gold pieces
 64530 | Depths:4 | Found a gate to the Realm of Zot.
 64558 | Depths:4 | Found Wuabrara's Book Shop.
 64562 | Depths:4 | Found Pyat's Assorted Antiques.
 64828 | Depths:4 | Noticed a juggernaut
 64834 | Depths:4 | Killed a juggernaut
 65060 | Zot:1    | Entered Level 1 of the Realm of Zot
 65161 | Zot:1    | Noticed a curse toe
 65165 | Zot:1    | Killed a curse toe
 65541 | Zot:1    | Noticed a golden dragon
 65544 | Zot:1    | Killed a golden dragon
 66115 | Zot:2    | Noticed a golden dragon
 66115 | Zot:2    | Noticed a golden dragon
 66116 | Zot:2    | Noticed a curse toe
 66116 | Zot:2    | Noticed a golden dragon
 66118 | Zot:2    | Noticed a golden dragon
 66371 | Zot:1    | Killed a curse toe
 66918 | Zot:1    | Killed a golden dragon
 66921 | Zot:1    | Killed a golden dragon
 67008 | Zot:1    | Killed a golden dragon
 67051 | Zot:1    | Reached XP level 24. HP: 131/173 MP: 40/40
 67274 | Zot:2    | Identified the +2 helmet of Masochism {rF++ SInv}
 67275 | Zot:2    | Found a radiant altar of Vehumet.
 67840 | Zot:3    | Noticed a curse toe
 67849 | Zot:3    | Killed a curse toe
 68157 | Zot:3    | Reached skill level 19 in Transmutations
 68531 | Zot:3    | Noticed a curse toe
 68534 | Zot:3    | Killed a curse toe
 68535 | Zot:3    | Reached skill level 10 in Stealth
 68834 | Zot:3    | Noticed a curse toe
 68843 | Zot:3    | Killed a curse toe
 70130 | Zot:5    | Entered Level 5 of the Realm of Zot
 70607 | Zot:5    | Noticed an ancient lich
 70628 | Zot:5    | Noticed a Killer Klown
 70632 | Zot:5    | Killed a Killer Klown
 70646 | Zot:5    | Noticed a Killer Klown
 70647 | Zot:5    | Noticed a Killer Klown
 70647 | Zot:5    | Noticed an orb of fire
 70649 | Zot:5    | Noticed a Killer Klown
 70653 | Zot:5    | Killed a Killer Klown
 70655 | Zot:5    | Noticed a dread lich
 70657 | Zot:5    | Killed a Killer Klown
 70657 | Zot:5    | Noticed an orb of fire
 70659 | Zot:5    | Noticed a curse toe
 70733 | Zot:5    | Noticed an orb of fire
 70734 | Zot:5    | Noticed an orb of fire
 70739 | Zot:5    | Noticed a Killer Klown
 70740 | Zot:5    | Noticed a Killer Klown
 70744 | Zot:5    | Killed a Killer Klown
 70745 | Zot:5    | Killed a dread lich
 70747 | Zot:5    | Noticed a Killer Klown
 70750 | Zot:5    | Noticed a Killer Klown
 70752 | Zot:5    | Killed a Killer Klown
 70752 | Zot:5    | Killed a Killer Klown
 70753 | Zot:5    | Reached XP level 25. HP: 109/180 MP: 13/41
 70756 | Zot:5    | Killed a Killer Klown
 70757 | Zot:5    | Noticed a Killer Klown
 70760 | Zot:5    | Killed a Killer Klown
 70810 | Zot:5    | Killed an orb of fire
 70944 | Zot:5    | Got the Orb of Zot
 71014 | Zot:5    | Gained mutation: You sometimes lose the ability to read
                  | scrolls when taking damage. [a neqoxec]
 71622 | D:$      | Escaped with the Orb!

Illustrated notes

Levels and vault maps discovered:
D:1:      scummos_arrival_forest, layout_basic
D:2:      layout_loops_cross, basic_altar,
          shapermc_ecumenical_altar_starsandcircs, uniq_terence
D:3:      minmay_skewed_foursquare, layout_basic, serial_shops,
          nicolae_shop_advertising_works [nicolae_subvault_shop_adworks]
D:4:      layout_gridville, lemuel_tele_altar
D:5:      layout_basic, zin_academy, serial_shops, shop, uniq_ijyb
D:6:      layout_rooms, nzn_hepliaklqana_mist_gate, uniq_grinder
D:7:      layout_loops_ring, elyvilon_altar_5, minmay_temple_entry_hall,
          ebering_ghost_reflecting_pool, minmay_nine_imps
D:8:      layout_rooms, kennysheep_orc_sif_temple, uniq_prince_ribbit1
D:9:      layout_long_grid, nicolae_overflow_crystal_walls, old_standard_altar,
          lair_entry_dummy, serial_glass, glass_columns_c, glass_columns_a,
          serial_shops, nicolae_shop_hallway_stairs, shop, shop, shop
D:10:     layout_basic, hellmonk_ghost_big_iron
D:11:     layout_loops_ring
D:12:     regret_index_combs_of_tragedy, layout_basic, serial_shops, shop,
          okawaru_gym_becter, uniq_jorgrun, uniq_gastronok, uniq_josephine
D:13:     layout_loops_corners, uniq_nessos
D:14:     minmay_connected_triangles_in_corner, layout_long_grid,
          grunt_vaults_entry_fortified, moated_statue
D:15:     grunt_enter_depths_giant_problem, layout_basic, kennysheep_doodads,
          tgw_fedhas
Temple:   nicolae_temple_no_exploring_needed
Lair:1:   layout_layer_cave
Lair:2:   layout_hall_layers
Lair:3:   cheibrodos_lair_overgrown_chateau, layout_gridlike,
          minmay_swamp_entry_eels, nicolae_spider_entry_orb_guardian,
          maelrawn_ghost_gauntlet_escape
Lair:4:   layout_roguey, dpeg_slime_entry_enclosed
Lair:5:   evil_forest, layout_hall_layers
Swamp:1:  nicolae_swamp_secret_spriggan_hideout, layout_falls_marsh,
          evilmike_swamp_ruin_house_6, infiniplex_staircase_pool_2
Swamp:2:  layout_basic_swamp, nicolae_swamp_big_swirl
Swamp:3:  layout_basic_swamp, serial_swamp_ruin, evilmike_swamp_ruin_house_5,
          hangedman_swamp_ruin_hall
Swamp:4:  swamp_fiery, layout_basic_swamp
Spider:1: layout_spider_delve, uniq_nikola
Spider:2: layout_cave_pods, nicolae_spider_bug_shape
Spider:3: layout_spider_delve
Spider:4: guppyfry_spider_rune
Orc:1:    cheibrodos_orc_bank, layout_diamond_mine, gammafunk_ghost_split
Orc:2:    kennysheep_orc_mage_school, layout_caves, mines_bat_river
Vaults:1: hangedman_vaults_corner, v_misc_32, nicolae_vaults_little_squares_6,
          nicolae_vaults_border_crossing, vaults_dpeg_spiral,
          nicolae_vaults_network_quinsquares
          [nicolae_vaults_network_quincunx_subvault,
          nicolae_vaults_network_quincunx_subvault,
          nicolae_vaults_network_quincunx_subvault,
          nicolae_vaults_network_quincunx_subvault], v_misc_28,
          nicolae_vaults_an_arrangement, nicolae_vaults_yaktaur_gun_rack,
          vaults_dpeg_encased_lava, ontoclasm_vaults_gateway,
          layout_vaults_chaotic_city, uniq_saint_roka
Vaults:2: vaults_dpeg_emergency_exit, vaults_standard_mumra_lines,
          hangedman_vaults_nails, vaults_mumra_hexcomb, v_misc_27,
          nicolae_vaults_network_square, ontoclasm_vaults_shuriken,
          layout_vaults_quadrants
Vaults:3: vaults_mumra_chevron_long, v_misc_5, nicolae_vaults_triangles,
          nicolae_vaults_big_ls, minmay_crypt_entry_skeletal_spiral,
          ontoclasm_vaults_claustrophobia, ontoclasm_vaults_eye, v_misc_28,
          vaults_dpeg_ring, grunt_vaults_focal, ontoclasm_vaults_loading_screen,
          nicolae_vaults_little_squares_2, layout_vaults_omnibox
Vaults:4: grunt_vaults_trifunnel, vaults_dpeg_diagonal, st_hourglassy,
          vaults_room_large_hall, nicolae_vaults_rhombus_6, vaults_mumra_lcd,
          hangedman_vaults_cutoff, hangedman_vaults_maws,
          nicolae_vaults_stairing_the_circle, layout_vaults_ring, serial_shops,
          shop
Vaults:5: uniq_margery
Depths:1: layout_gridlike, enter_ziggurat_c, serial_sigils_hangedman_writhe,
          ebering_ghost_disaster_area, rand_demon_pan_entry_7, hell_entry,
          minivault_1, hangedman_abyss_or_decor_stabs,
          nicolae_qazlal_general_emergency
Depths:2: minmay_the_grid_octo_tiled_squarecenter_mashed
          [minmay_the_grid_octo_tetromino_candy,
          minmay_the_grid_octo_checkerflower, minmay_the_grid_octo_checkered,
          minmay_the_grid_octo_77, minmay_the_grid_square_5x5_megaprize_crossed,
          minmay_the_grid_square_5x5_corner, minmay_the_grid_square_5x5_plus,
          minmay_the_grid_square_5x5_doubleslash,
          minmay_the_grid_square_5x5_bridge], layout_basic, abyss_entry,
          hell_entry, pan_entry, minmay_misc_feat_encased,
          lemuel_flamethrower_hall, uniq_josephina, uniq_grunn, uniq_sojobo
Depths:3: minmay_triangles_in_corner, layout_cave_pools,
          abyss_entry_flame_altar, hell_entry, pan_entry, guppyfry_shop_blood,
          uniq_parghit, uniq_enchantress
Depths:4: evilmike_zot_entry_basic, layout_cave_pools, pf_hell_entry_great_geh,
          serial_shops, nicolae_shop_waterfront, shop_fountains, shop,
          nicolae_shop_waterfront, shop
Zot:1:    layout_concentric_octagons
Zot:2:    layout_onion_interference, basic_altar, evilmike_ambush
          [evilmike_ambush_outer_pillars, evilmike_ambush_inner_basic]
Zot:3:    kennysheep_six_static_rooms, layout_basic
Zot:4:    layout_concentric_octagons
Zot:5:    layout_basic, st_stairs_1, grunt_ministairs_1

Skill      XL: |  1  2  3  4  5  6  7  8  9 10 11 12 13 14 15 16 17 18 19 20 21 22 23 24 |
---------------+-------------------------------------------------------------------------+-----
Ice Magic      | 1 2 3 4 6 |  6.3
Transmutations | 3 4 5 6 7 8 9 10 12 14 15 16 17 18 19 | 19.4
Spellcasting   | 3 4 5 6 7 9 10 11 12 13 14 | 14.3
Fighting       | 2 4 5 6 7 8 9 10 11 12 13 14 15 16 17 | 17.5
Dodging        | 3 4 5 7 8 9 10 11 12 13 14 15 16 17 | 17.6
Unarmed Combat | 4 5 6 7 8 9 10 11 12 13 14 15 16 17 | 17.8
Stealth        | 3 6 7 8 11 | 11.8
Translocations | 3 5 7 9 10 11 12 13 14 | 14.2
Air Magic      | 5 8 10 11 12 13 15 16 17 | 17.9
Shields        | 2 4 7 |  7.3

Action                     |  1- 3 |  4- 6 |  7- 9 | 10-12 | 13-15 | 16-18 | 19-21 | 22-24 | 25-27 || total
---------------------------+-------+-------+-------+-------+-------+-------+-------+-------+-------++-------
  Melee: Unarmed           |    49 |    79 |   184 |   327 |   642 |   760 |   698 |   729 |    68 ||  3536
         Kick              |    14 |    29 |    40 |     6 |       |       |       |       |       ||    89
         Constrict         |    14 |    27 |    22 |     3 |       |       |     1 |     1 |       ||    68
         Tentacles         |    10 |    13 |    28 |     2 |       |     1 |     1 |     1 |       ||    56
         Punch             |     1 |     3 |     1 |     1 |     7 |    39 |    94 |    59 |     2 ||   207
         Sling             |       |       |       |       |     4 |       |       |       |       ||     4
         Tailslap          |       |       |       |       |    11 |    67 |    36 |     1 |       ||   115
         Bite              |       |       |       |       |     8 |    52 |    30 |     1 |       ||    91
         Staff             |       |       |       |       |       |     2 |     5 |    12 |       ||    19
   Fire: Sling             |       |    24 |    22 |    45 |    22 |       |       |       |       ||   113
   Cast: Beastly Appendage |    26 |    31 |    27 |    22 |     3 |     2 |       |       |       ||   111
         Wereblood         |     1 |     6 |    21 |    27 |    14 |    10 |     5 |     5 |       ||    89
         Ice Form          |       |       |    12 |    53 |    70 |     5 |       |       |       ||   140
         Frozen Ramparts   |       |       |       |    51 |    67 |    20 |    26 |    14 |       ||   178
         Manifold Assault  |       |       |       |    10 |   154 |   181 |    55 |   258 |    39 ||   697
         Blink             |       |       |       |     1 |     4 |     2 |       |     1 |       ||     8
         Dragon Form       |       |       |       |       |    29 |    96 |    26 |     2 |       ||   153
         Storm Form        |       |       |       |       |       |     6 |    40 |    81 |    11 ||   138
         Dispersal         |       |       |       |       |       |       |       |     1 |       ||     1
 Invoke: Potion Petition   |       |       |       |       |       |       |     2 |     4 |       ||     6
         Bribe Branch      |       |       |       |       |       |       |       |     2 |       ||     2
Ability: End Transformatio |       |       |       |     1 |       |     1 |     1 |       |       ||     3
         Blinkbolt         |       |       |       |       |       |       |     3 |       |       ||     3
    Use: Scroll            |     3 |     5 |     2 |    15 |     4 |     9 |     5 |     9 |       ||    52
         Potion            |       |       |     4 |     6 |     3 |     2 |     1 |     1 |     5 ||    22
   Stab: Sleeping          |     9 |     4 |     3 |     5 |     5 |     2 |     5 |     2 |       ||    35
         Distracted        |       |       |       |     3 |     6 |    10 |    12 |     6 |       ||    37
         Invisible         |       |       |       |       |       |       |       |     1 |       ||     1
 Armour: Skin              |     4 |     1 |    24 |    66 |    83 |   144 |   103 |   101 |       ||   526
  Dodge: Dodged            |    23 |    45 |    95 |   268 |   398 |   593 |   597 |   637 |    19 ||  2675
  Block: Other             |       |       |       |       |     9 |    24 |    20 |    18 |       ||    71
         Buckler           |       |       |       |       |       |     4 |     6 |     6 |       ||    16

Table legend: (Time is in decaauts)
 A = Elapsed time spent in this place.
 B = Non-inter-level travel time spent in this place.
 C = Inter-level travel time spent in this place.
 D = Time resting spent in this place.
 E = Time spent auto-exploring this place.
 F = Levels seen in this place.
 G = Mean time per level.
                   A        B        C        D        E       F      G
               +--------+--------+--------+--------+--------+-----+--------+
         Total |  71929 |  68215 |   3714 |  13631 |  41255 |  46 | 1563.7 |
       Dungeon |  20580 |  18739 |   1841 |   3119 |  11868 |  15 | 1372.0 |
        Temple |     12 |     12 |      0 |      0 |      0 |   1 |   12.0 |
          Lair |  10458 |   9829 |    629 |   2239 |   5821 |   5 | 2091.6 |
         Swamp |   5495 |   5394 |    101 |    812 |   3705 |   4 | 1373.8 |
   Spider Nest |   7455 |   7046 |    409 |   1757 |   4289 |   4 | 1863.8 |
  Orcish Mines |   3235 |   3189 |     46 |    481 |   2195 |   2 | 1617.5 |
        Vaults |  13292 |  12754 |    538 |   2755 |   7845 |   5 | 2658.4 |
        Depths |   5071 |   5003 |     68 |    934 |   2973 |   4 | 1267.8 |
           Zot |   6045 |   5966 |     79 |   1495 |   2558 |   5 | 1209.0 |
         Abyss |    282 |    282 |      0 |     37 |      0 |   1 |  282.0 |
               +--------+--------+--------+--------+--------+-----+--------+

Top non-repeatable levels by time:
  Lair:3: 3612 daAuts
Vaults:4: 3059 daAuts
Spider:2: 2930 daAuts
Vaults:1: 2728 daAuts
Vaults:5: 2717 daAuts
 Swamp:4: 2529 daAuts
Vaults:3: 2415 daAuts
Vaults:2: 2372 daAuts
  Lair:5: 2345 daAuts
   Zot:1: 2098 daAuts
    D:15: 2059 daAuts
    D:12: 2018 daAuts
Spider:4: 1976 daAuts
    D:14: 1962 daAuts
  Lair:1: 1936 daAuts
